 Dungeon Crawl Stone Soup version 0.23.0-42-geed6394 (webtiles) character file.

Game seed: 15802677396114157234

41025 Pinkeye the Grappler (level 13, -19/113 HPs)
             Began as a Troll Venom Mage on Feb 28, 2019.
             Was the Champion of Elyvilon.
             Demolished by a soul eater (22 damage)
             ... summoned by Frances
             ... on level 13 of the Dungeon.
             The game lasted 01:13:07 (14830 turns).

Pinkeye the Grappler (Troll Venom Mage)            Turns: 14830, Time: 01:13:08

Health: -19/113    AC: -11   Str: 19      XL:     13   Next: 77%
Magic:  22/22      EV:  8    Int: 17      God:    Elyvilon [******]
Gold:   1044       SH:  9    Dex:  9 (10) Spells: 14/26 levels left

rFire    + . .     SeeInvis .     - Unarmed
rCold    + . .     Gourm    +   B - +0 shield
rNeg     . . .     Faith    .   W - +0 steam dragon scales
rPois    +         Spirit   .   (helmet restricted)
rElec    .         Reflect  .   C - +2 cloak
rCorr    .         Harm     .   (gloves unavailable)
MR       +....                  (boots unavailable)
Stlth    +.........             g - amulet of the acrobat
HPRegen  0.68/turn              p - ring of protection from cold
MPRegen  0.18/turn              D - ring of Atyelej {*Corrode rPois rF+ MR+ Slay+2}

@: about to teleport, corroded, hasted, lightly drained, very quick
A: large, unfitting armour, claws 3, clever 1, deterioration 1, fast metabolism
3, gourmand, poison resistance, regeneration 1, shaggy fur 1, tough skin 3
a: Lesser Healing, Heal Other, Purification, Greater Healing, Divine Vigour,
Divine Protection, Renounce Religion


You were on level 13 of the Dungeon.
You worshipped Elyvilon.
Elyvilon was exalted by your worship.
You were hungry.

You visited 1 branch of the dungeon, and saw 13 of its levels.
You also visited: Ossuary and Ice Cave.

You collected 1083 gold pieces.
You spent 39 gold pieces at shops.

Inventory:

Hand Weapons
 d - a +0 bardiche of freezing
 u - a +5 dire flail of protection
 y - a +1 dagger of venom
 z - a +8 blowgun
 K - a +2 trident of protection
 N - a +1 scimitar of flaming
 Q - a +2 falchion of flaming
Missiles
 b - 6 steel tomahawks
 I - 13 tomahawks
 M - 6 javelins (quivered)
 P - 3 poisoned tomahawks
 T - 2 large rocks
 X - a throwing net
Armour
 a - a +0 robe
 B - a +0 shield (worn)
 C - a +2 cloak (worn)
 O - a +2 robe of the Archmagi
 W - +0 steam dragon scales (worn)
Jewellery
 g - an amulet of the acrobat (around neck)
 p - a ring of protection from cold (left claw)
 D - the ring of Atyelej (right claw) {*Corrode rPois rF+ MR+ Slay+2}
   (You took it off a centaur on level 13 of the Dungeon)

   [ring of poison resistance]

   It affects your accuracy and damage with ranged weapons and melee attacks
   (+2).
   It protects you from fire.
   It protects you from poison.
   It affects your resistance to hostile enchantments.
   It may corrode you when you take damage.
 H - an uncursed ring of stealth
Wands
 s - a wand of scattershot (4)
 w - a wand of paralysis (25)
 x - a wand of flame (30)
 J - a wand of acid (9)
 L - a wand of disintegration (18)
Scrolls
 f - 2 scrolls of immolation
 i - a scroll of noise {unknown}
 j - 5 scrolls of amnesia
 m - 9 scrolls of remove curse
 r - a scroll of enchant armour
 v - 5 scrolls of teleportation
 A - a scroll of vulnerability {unknown}
 E - a scroll of acquirement {unknown}
 G - a scroll of fear
 U - 2 scrolls of fog {unknown}
Potions
 e - 3 potions of lignification
 h - 2 potions of magic
 l - 3 potions of cancellation
 n - 2 potions of curing
 o - a potion of flight
 t - a potion of mutation
Miscellaneous
 F - a lightning rod (4/4)
Comestibles
 c - 20 rations


   Skills:
 + Level 3.6(3.3) Fighting
 - Level 1.1(0.8) Throwing
 * Level 2.6(2.3) Armour
 - Level 1.5(1.3) Dodging
 - Level 1.1(0.8) Stealth
 * Level 6.2(5.9) Shields
 + Level 12.3(12.0) Unarmed Combat
 - Level 7.0(6.6) Spellcasting
 + Level 0.6(0.3) Conjurations
 - Level 4.0(3.7) Charms
 - Level 4.8(4.5) Necromancy
 - Level 4.0(3.8) Air Magic
 * Level 7.0(6.7) Poison Magic


You had 14 spell levels left.
You knew the following spells:

 Your Spells              Type           Power        Failure   Level  Hunger
a - Sting                 Conj/Pois      ###.         5%          1    None
b - Poisonous Vapours     Pois/Air       ###...       4%          2    None
c - Olgreb's Toxic Radia  Pois           ####....     14%         4    ####...
d - Regeneration          Chrm/Necr      ###.......   13%         3    ##.....
e - Song of Slaying       Chrm           ###.....     8%          2    None

Your spell library contained the following spells:

 Spells                   Type           Power        Failure   Level  Hunger
 Infusion                 Chrm           ###.         4%          1    None
 Swiftness                Chrm/Air       ###.....     8%          2    None
 Shock                    Conj/Air       ##..         10%         1    None
 Shroud of Golubria       Chrm/Tloc      ##........   16%         2    None
 Mephitic Cloud           Conj/Pois/Air  ###.....     16%         3    ##.....
 Freeze                   Ice            #...         22%         1    None
 Static Discharge         Conj/Air       ##......     28%         3    ##.....
 Throw Frost              Conj/Ice       #.....       32%         2    None
 Ozocubu's Armour         Chrm/Ice       ##......     32%         3    ##.....
 Spectral Weapon          Hex/Chrm       ##......     32%         3    ##.....
 Airstrike                Air            ###.......   43%         4    ####...
 Venom Bolt               Conj/Pois      ###.......   83%         5    #####..
 Throw Icicle             Conj/Ice       #.......     91%         4    ####...
 Summon Ice Beast         Ice/Summ       #.......     92%         4    ####...
 Lightning Bolt           Conj/Air       ##........   95%         5    #####..


Dungeon Overview and Level Annotations

Branches:
Dungeon (13/15)            Temple (0/1) D:7            Lair (0/6) D:10
    Orc (0/2) D:11
 Vaults: D:13-14

Altars:
Cheibriados
Elyvilon
Fedhas
Hepliaklqana
Ru
Sif Muna
Trog
Vehumet

Shops:
D:9 :   D:10 [   D:13 *

Annotations:
D:10 3 runed translucent doors, ChickenMitten's ghost, novice MiBe
D:13 3 runed translucent doors, exclusion: orange crystal statue, Frances; Lanoc's ghost, journeyman FoCK


Innate Abilities, Weirdness & Mutations

You are too large for most types of armour.
You have claws for hands.
Your metabolism is lightning-fast.
You like to eat raw meat.
Your natural rate of healing is unusually fast.
You are covered in fur. (AC +1)
You have extremely tough skin. (AC +3)
Your mind is acute. (Int +2)
Your body sometimes deteriorates upon taking damage.
Your system is resistant to poisons. (rPois)


Message History

The rust devil is unaffected.
The hellwing is unaffected.
Frances looks frightened!
The hellwing hits you!
* * * LOW HITPOINT WARNING * * *
The hellwing hits you!
* * * LOW HITPOINT WARNING * * *
You block the rust devil's attack.
You feel better.
As you read the scroll of teleportation, it crumbles to dust.
You feel strangely unstable. You block the hellwing's attack. x2
The soul eater hits you.
* * * LOW HITPOINT WARNING * * *
You feel drained.
* * * LOW HITPOINT WARNING * * *
You block the rust devil's attack.
You feel better. The hellwing hits you.
* * * LOW HITPOINT WARNING * * *
The hellwing hits you!
* * * LOW HITPOINT WARNING * * *
The soul eater hits you!!
You die...

*,,****,*,** *,,,,*,,,,,*
*,,,,,,*,,,* ****,..*,,,* ***
*,..##,#* **,** *
**...#..###**,,,## ##*
####....##.##,,,..#
..#*##..#.....#.4##....#
...##...........@3....#*****
........##.#...4##......,*,**
.......##**#.##.........,,,,**
........####..#.....@...,,,,,****
..#......##....#........,,,,,,,,,
#.##..........#....#...#,,,*,,,*,
###..##.......#...#.#...*,*,,,*,*
.....#...........#...#.,,*,,,*,,,
........#..............,,,,,,,,,,


You could see Frances (fleeing), a soul eater, a hellwing and a rust devil.

Vanquished Creatures
  Erolcha (D:9)
  Erica (D:9)
  3 centaur warriors
  A two-headed ogre (D:12)
  Urug (D:13)
  2 unseen horrors (D:13)
  A cyclops (D:11)
  3 ugly things
  An elephant (D:11)
  Joseph (D:9)
  2 ice statues (IceCv)
  Psyche (D:8)
  3 kobold demonologists
  9 ice devils (IceCv)
  2 trolls
  A hornet (D:8)
  Grinder (D:6)
  Prince Ribbit (D:5)
  6 hippogriffs
  Sigmund (D:4)
  A spriggan (shapeshifter) (D:13)
  Eustachio (D:6)
  A wraith (D:12)
  A human (D:8)
  12 yaks
  3 basilisks
  4 fire bats (D:11)
  3 hogs (D:8)
  A hungry ghost (D:13)
  A steam dragon (D:12)
  Edmund (D:4)
  Menkaure (D:6)
  A hell hound (D:11)
  Duvessa (D:6)
  A soldier ant (D:12)
  7 orc warriors
  2 sky beasts
  5 ice beasts
  A black bear (D:9)
  3 phantoms
  A necrophage (D:12)
  7 centaurs
  4 ogres
  3 big kobolds
  10 bullfrogs
  A gnoll sergeant (D:12)
  Dowan (D:6)
  2 wyvern skeletons
  3 scorpions
  A water moccasin skeleton (D:4)
  15 killer bees
  5 wights
  4 howler monkeys
  2 lava snakes (D:11)
  8 crimson imps
  2 bullfrog zombies
  6 centaur zombies
  2 human zombies (Ossuary)
  5 jellies
  4 centaur skeletons
  9 hounds
  5 bullfrog skeletons
  8 orc priests
  Ijyb (D:3)
  11 orc wizards
  3 iguanas
  8 worker ants
  A killer bee zombie (D:10)
  4 big kobold zombies (Ossuary)
  3 hound zombies
  A hound skeleton (D:8)
  A mummy (Ossuary)
  2 howler monkey skeletons
  9 gnolls
  10 adders
  2 shadow imps
  6 white imps (IceCv)
  8 ufetubi (IceCv)
  An ooze (D:1)
  An adder skeleton (D:8)
  3 worms
  5 dart slugs
  7 leopard geckos
  49 orcs
  5 bats
  11 giant cockroaches
  18 goblins
  4 hobgoblins
  11 jackals
  20 kobolds
  4 quokkas
  A ball python (D:5)
  4 frilled lizards
  A giant cockroach zombie (D:5)
  A goblin zombie (Ossuary)
  10 hobgoblin zombies (Ossuary)
  A jackal skeleton (D:3)
  9 kobold zombies (Ossuary)
  A leopard gecko zombie (D:5)
  8 orc zombies (Ossuary)
  5 rats
451 creatures vanquished.

Vanquished Creatures (others)
  A reaper (IceCv)
  3 white imps (IceCv)
  2 ufetubi (IceCv)
  A fungus (D:13)
  2 plants (D:13)
9 creatures vanquished.

Grand Total: 460 creatures vanquished

Notes
Turn   | Place    | Note
-------+----------+-------------------------------------------
     0 | D:1      | Pinkeye the Troll Venom Mage began the quest for the Orb.
     0 | D:1      | Reached XP level 1. HP: 16/16 MP: 1/1
    69 | D:1      | Reached XP level 2. HP: 24/24 MP: 2/2
    73 | D:1      | Learned a level 2 spell: Poisonous Vapours
   376 | D:1      | Reached XP level 3. HP: 27/31 MP: 4/4
   547 | D:1      | Reached skill level 1 in Unarmed Combat
  1219 | D:2      | Reached XP level 4. HP: 39/39 MP: 5/5
  1272 | D:2      | Reached skill level 2 in Unarmed Combat
  1782 | D:3      | Found a white marble altar of Elyvilon.
  1789 | D:3      | Became a worshipper of Elyvilon the Healer
  1831 | D:3      | Noticed Ijyb
  1851 | D:3      | Killed Ijyb
  1851 | D:3      | Reached skill level 3 in Unarmed Combat
  1851 | D:3      | Reached skill level 1 in Air Magic
  1977 | D:4      | Noticed Sigmund
  1990 | D:4      | Killed Sigmund
  1990 | D:4      | Reached skill level 4 in Unarmed Combat
  1990 | D:4      | Reached XP level 5. HP: 38/45 MP: 2/6
  1990 | D:4      | Reached XP level 6. HP: 44/53 MP: 2/7
  2249 | D:4      | Noticed Edmund
  2272 | D:4      | Killed Edmund
  2272 | D:4      | Reached skill level 5 in Unarmed Combat
  2272 | D:4      | Reached XP level 7. HP: 35/61 MP: 1/8
  2511 | D:4      | Found a blossoming altar of Fedhas.
  2662 | D:4      | Reached skill level 1 in Fighting
  2669 | D:4      | Reached * piety under Elyvilon
  2677 | D:4      | Reached skill level 6 in Unarmed Combat
  3094 | D:5      | Entered Level 5 of the Dungeon
  3161 | D:5      | Reached XP level 8. HP: 70/70 MP: 7/10
  3298 | D:5      | Found a hazy altar of Hepliaklqana.
  3298 | D:5      | Found a snail-covered altar of Cheibriados.
  3404 | D:5      | Found a sand-covered staircase.
  3430 | Ossuary  | Entered an ossuary
  3434 | Ossuary  | Reached ** piety under Elyvilon
  3746 | Ossuary  | Reached skill level 7 in Unarmed Combat
  4127 | D:5      | Noticed Prince Ribbit
  4133 | D:5      | Killed Prince Ribbit
  4443 | D:5      | Reached skill level 8 in Unarmed Combat
  4443 | D:5      | Reached XP level 9. HP: 78/78 MP: 12/12
  4693 | D:6      | Noticed Duvessa
  4696 | D:6      | Noticed Dowan
  4709 | D:6      | Killed Duvessa
  4718 | D:6      | Killed Dowan
  5059 | D:6      | Noticed Menkaure
  5066 | D:6      | Killed Menkaure
  5083 | D:6      | Noticed Eustachio
  5095 | D:6      | Killed Eustachio
  5270 | D:6      | Noticed Grinder
  5271 | D:6      | Reached *** piety under Elyvilon
  5279 | D:6      | Paralysed by Grinder for 6 turns
  5289 | D:6      | Killed Grinder
  5289 | D:6      | Reached skill level 1 in Shields
  5345 | D:7      | Found a staircase to the Ecumenical Temple.
  5583 | D:7      | Reached skill level 1 in Throwing
  5711 | D:7      | Reached skill level 9 in Unarmed Combat
  5753 | D:7      | Found a radiant altar of Vehumet.
  5840 | D:7      | Found a sacrificial altar of Ru.
  6177 | D:8      | You fall through a shaft for 3 floors!
  6224 | D:10     | Entered Level 10 of the Dungeon
  6224 | D:10     | Found a staircase to the Lair.
  6224 | D:10     | Noticed an elephant
  6242 | D:11     | Killed an elephant
  6242 | D:11     | Reached XP level 10. HP: 69/87 MP: 14/14
  6497 | D:11     | Found a staircase to the Orcish Mines.
  6527 | D:11     | Reached skill level 5 in Poison Magic
  6654 | D:11     | Reached **** piety under Elyvilon
  7117 | D:8      | Found a bloodstained altar of Trog.
  7186 | D:8      | Reached skill level 10 in Unarmed Combat
  7203 | D:8      | HP: 3/88 [yak (15)]
  7427 | D:8      | Paralysed by a hornet for 3 turns
  7679 | D:8      | Noticed Psyche
  7685 | D:8      | Killed Psyche
  7820 | D:8      | Reached ***** piety under Elyvilon
  8162 | D:8      | Reached skill level 5 in Spellcasting
  8272 | D:8      | Learned a level 4 spell: Olgreb's Toxic Radiance
  8296 | D:8      | Reached XP level 11. HP: 73/96 MP: 2/17
  8658 | D:9      | Noticed Joseph
  8672 | D:9      | Killed Joseph
  8982 | D:9      | Found Fow Deuk's Book Shoppe.
  9212 | D:9      | Noticed Erica
  9221 | D:9      | Killed Erica
  9534 | D:9      | Noticed Erolcha
  9544 | D:9      | Killed Erolcha
 10298 | D:10     | Found Sevur's Armour Emporium.
 10534 | D:10     | Found a runed translucent gate.
 10534 | D:10     | Found a runed translucent gate.
 10534 | D:10     | Found a runed translucent gate.
 10624 | D:10     | Noticed ChickenMitten's ghost (novice MiBe)
 10828 | D:11     | Reached skill level 11 in Unarmed Combat
 11416 | D:12     | Noticed a cyan ugly thing
 11430 | D:12     | Killed a cyan ugly thing
 11564 | D:12     | Found a deep blue altar of Sif Muna.
 11601 | D:12     | Noticed a sixfirhy
 11713 | D:12     | Reached ****** piety under Elyvilon
 12020 | D:12     | Noticed a two-headed ogre
 12035 | D:12     | Killed a two-headed ogre
 12035 | D:12     | Reached XP level 12. HP: 100/105 MP: 9/21
 12243 | D:12     | Learned a level 3 spell: Regeneration
 12360 | D:12     | Reached skill level 5 in Shields
 12558 | D:13     | Noticed a centaur warrior
 12564 | D:13     | Noticed Urug
 12580 | D:12     | Killed a centaur warrior
 12619 | D:13     | Found Komn's General Store.
 12623 | D:13     | Bought a potion of curing for 39 gold pieces
 12656 | D:13     | Reached skill level 1 in Armour
 12669 | D:13     | Noticed a centaur warrior
 12677 | D:13     | Noticed a centaur warrior
 12690 | D:13     | Killed a centaur warrior
 12690 | D:13     | Reached skill level 1 in Charms
 12690 | D:13     | Reached skill level 1 in Necromancy
 12776 | D:13     | Noticed a centaur warrior
 12778 | D:13     | Reached XP level 13. HP: 111/111 MP: 22/22
 12779 | D:13     | Gained mutation: Your body sometimes deteriorates upon
                  | taking damage. [potion of mutation]
 12779 | D:13     | Gained mutation: Your mind is acute. (Int +2) [potion of
                  | mutation]
 12779 | D:13     | Gained mutation: Your system is resistant to poisons.
                  | (rPois) [potion of mutation]
 12781 | D:13     | Identified the ring of Atyelej {*Corrode rPois rF+ MR+
                  | Slay+2}
 12913 | D:13     | Found a frozen archway.
 12922 | IceCv    | Entered an ice cave
 12931 | IceCv    | Learned a level 2 spell: Song of Slaying
 13523 | IceCv    | Noticed a reaper
 13540 | IceCv    | Killed a reaper
 13869 | IceCv    | Reached skill level 12 in Unarmed Combat
 14277 | D:13     | Killed Urug
 14633 | D:13     | Found a runed translucent gate.
 14633 | D:13     | Found a runed translucent gate.
 14633 | D:13     | Found a runed translucent gate.
 14635 | D:13     | Noticed Lanoc's ghost (journeyman FoCK)
 14801 | D:13     | Noticed Frances
 14827 | D:13     | HP: 1/113 [hellwing[Frances] (8)]
 14830 | D:13     | Demolished by a soul eater

Skill      XL: |  1  2  3  4  5  6  7  8  9 10 11 12 13 |
---------------+----------------------------------------+-----
Unarmed Combat | 1 4 5 6 8 9 10 11 12 | 12.3
Air Magic      | 1 2 3 4 |  4.0
Poison Magic   | 3 4 5 6 7 |  7.0
Spellcasting   | 2 3 5 6 7 |  7.0
Fighting       | 1 2 3 |  3.6
Shields        | 2 3 4 5 6 |  6.2
Throwing       | 1 |  1.1
Armour         | 1 2 |  2.6
Charms         | 4 |  4.0
Necromancy     | 4 |  4.8
Dodging        | |  1.5
Stealth        | |  1.1
Conjurations   | |  0.6

Action                   |  1- 3 |  4- 6 |  7- 9 | 10-12 | 13-15 || total
-------------------------+-------+-------+-------+-------+-------++-------
Melee: Unarmed           |   137 |    98 |   430 |   584 |   266 ||  1515
       Punch             |     2 |     1 |    14 |     6 |       ||    23
Throw: Tomahawk          |       |       |     1 |       |     7 ||     8
       Javelin           |       |       |       |       |     4 ||     4
 Cast: Poisonous Vapours |       |    12 |    36 |   161 |    14 ||   223
       Olgreb's Toxic Ra |       |       |       |    10 |     7 ||    17
       Song of Slaying   |       |       |       |       |     3 ||     3
  Use: Scroll            |       |       |     8 |     4 |     8 ||    20
       Potion            |       |       |     2 |     4 |     7 ||    13
 Stab: Sleeping          |     2 |     1 |     4 |     7 |     1 ||    15
       Confused          |       |       |       |     2 |       ||     2
  Eat: Chunk             |    17 |    10 |    39 |    64 |     9 ||   139
       Ration            |       |       |       |     1 |     1 ||     2
Armor: Robe              |    79 |    18 |   129 |   115 |       ||   341
       Steam dragon scal |       |       |       |    26 |    91 ||   117
       Skin              |       |       |       |     1 |     1 ||     2
Dodge: Dodged            |    84 |    36 |   220 |   248 |    95 ||   683
Block: Shield            |       |       |       |   179 |   125 ||   304
